 Dungeon Crawl Stone Soup version 0.30-a0-2-gf48d83f5e2 (webtiles) character file.

Game seed: 3327011027072779477

94 Turgor the Grasshopper (level 4, 0/57 HPs)
             Began as a Gnoll Warper on Aug 19, 2022.
             Slain by an orc
             ... wielding a +0 club
              (4 damage)
             ... on level 2 of the Dungeon.
             The game lasted 00:10:20 (2203 turns).

Turgor the Grasshopper (Gnoll Warper)               Turns: 2203, Time: 00:10:21

Health: 0/57       AC:  6    Str:  9 (12) XL:     4   Next: 63%
Magic:  11/11      EV: 12    Int: 11 (12) God:
Gold:   52         SH:  0    Dex: 11 (12) Spells: 7/13 levels left

rFire   . . .      SeeInvis .    i - +3 dagger (speed)
rCold   + . .      Faith    .    (no shield)
rNeg    . . .      Spirit   .    p - +3 leather armour {rC+}
rPois   .          Reflect  .    (no helmet)
rElec   .          Harm     .    (no cloak)
rCorr   .          Rampage  .    (no gloves)
Will    .....                    (no boots)
Stlth   ..........               (no amulet)
HPRegen 0.19/turn                (no ring)
MPRegen 0.12/turn                (no ring)

@: berserking, lethally poisoned (0 -> -4), very quick
A: fangs 1, strong nose, distributed training
a: no special abilities


You were on level 2 of the Dungeon.
You visited 1 branch of the dungeon, and saw 2 of its levels.

You collected 52 gold pieces.

Inventory:

Hand Weapons
 a - a +0 hand axe
 g - a +0 sling
 i - a +3 dagger of speed (weapon)
 l - a +1 dagger of draining
Missiles
 d - 7 boomerangs of dispersal (quivered)
Armour
 p - a +3 leather armour of cold resistance (worn)
Scrolls
 c - a scroll of blinking
 h - a scroll of magic mapping {unknown}
 m - 2 scrolls of enchant weapon
Potions
 b - a potion of brilliance {unknown}
 e - a potion of curing {unknown}
 f - a potion of resistance {unknown}
 k - a potion of mutation {unknown}
 n - a potion of ambrosia {unknown}
 o - a potion of lignification {unknown}


   Skills:
 + Level 4.7 Fighting
 + Level 1.2 Short Blades
 + Level 1.2 Long Blades
 + Level 4.7 Axes
 + Level 1.2 Maces & Flails
 + Level 1.2 Polearms
 + Level 1.2 Staves
 + Level 1.2 Ranged Weapons
 + Level 2.8 Throwing
 + Level 2.8 Armour
 + Level 4.7 Dodging
 + Level 1.2 Stealth
 + Level 1.2 Shields
 + Level 1.2 Unarmed Combat
 + Level 5.1 Spellcasting
 + Level 1.0 Conjurations
 + Level 1.0 Hexes
 + Level 1.0 Summonings
 + Level 1.0 Necromancy
 + Level 5.5 Translocations
 + Level 1.0 Transmutations
 + Level 1.0 Fire Magic
 + Level 1.0 Ice Magic
 + Level 1.0 Air Magic
 + Level 1.0 Earth Magic
 + Level 1.0 Poison Magic
 + Level 1.4 Invocations
 + Level 1.2 Evocations


You had 7 spell levels left.
You knew the following spells:

 Your Spells              Type           Power      Damage    Failure   Level
a - Blink                 Tloc           28%        N/A       4%          2
b - Apportation           Tloc           28%        N/A       3%          1
c - Lesser Beckoning      Tloc           14%        N/A       9%          3

Your spell library contained the following spells:

 Spells                   Type           Power      Damage    Failure   Level
 Gell's Gravitas          Tloc           14%        N/A       9%          3
 Teleport Other           Tloc           14%        N/A       9%          3
 Necrotise                Necr           20%        1d5       19%         1
 Summon Small Mammal      Summ           20%        N/A       19%         1
 Manifold Assault         Tloc           14%        N/A       63%         5


Dungeon Overview and Level Annotations

Branches:
Dungeon (2/15)

Altars:

Annotations:
D:2 Robin


Innate Abilities, Weirdness & Mutations

You have very sharp teeth.
Your uncanny sense of smell can sniff out nearby items.
Your experience applies equally to all skills.


Message History

The orc is severely wounded.
You feel very sick. The orc barely misses you.
You hit the orc.
You kill the orc!
You feel sick.
You feel very sick. The orc hits you with a +0 club.
* * * LOW HITPOINT WARNING * * *
A hobgoblin comes into view.
Things that are here:
a +0 morningstar; 6 stones; a hobgoblin skeleton The hobgoblin shouts!
You puncture the orc!
The orc is almost dead.
* * * LOW HITPOINT WARNING * * *
You feel sick. The orc hits you with a +0 club.
* * * LOW HITPOINT WARNING * * *
You closely miss the orc.
The orc is almost dead.
* * * LOW HITPOINT WARNING * * *
You feel sick. The orc barely misses you.
Press: ? - help, v - describe, . - travel
Here: an orc, wielding a +0 club (almost dead)
The floor.
Unknown command.
You hit the orc but do no damage.
The orc is almost dead.
* * * LOW HITPOINT WARNING * * *
You feel sick.
You barely miss the orc.
The orc is almost dead.
* * * LOW HITPOINT WARNING * * *
You feel sick. The orc hits you but does no damage.
It was a potion of berserk rage.
A red film seems to cover your vision as you go berserk!
You feel yourself moving faster!
You feel mighty!
* * * LOW HITPOINT WARNING * * *
You feel sick. The orc hits you with a +0 club.
You die...

#........#~≈≈~~~.##
#)##
#........#~~~~....#
).
#.#########.####..#
..# #. #.# ... ...
#. #.###.... # #.
###......#
..##....###.# #
......#<####.###...
........)<@o.......
>..####.###..###..#
## #.# #..# #.#
..g# .....#.# .....
.# ...... .. ......
.. ...... ..#


You could see an orc and a hobgoblin.

Vanquished Creatures
  An orc wizard (D:1)
  An adder (D:2)
  A dart slug (D:1)
  2 orcs (D:2)
  3 endoplasms
  4 giant cockroaches
  14 goblins
  A hobgoblin (D:2)
  7 jackals
  2 kobolds (D:1)
  A quokka (D:2)
  3 ball pythons
  2 bats (D:1)
  4 frilled lizards
  4 rats
50 creatures vanquished.

Notes
Turn   | Place    | Note
-------+----------+-------------------------------------------
     0 | D:1      | Turgor the Gnoll Warper began the quest for the Orb.
     0 | D:1      | Reached XP level 1. HP: 20/20 MP: 6/6
   146 | D:1      | Reached XP level 2. HP: 20/26 MP: 7/7
   156 | D:1      | Learned a level 2 spell: Blink
   833 | D:1      | Reached skill level 5 in Spellcasting
   833 | D:1      | Reached XP level 3. HP: 28/29 MP: 7/9
   895 | D:1      | Found a faded altar of an unknown god.
  1096 | D:1      | Learned a level 1 spell: Apportation
  1100 | D:1      | Learned a level 3 spell: Lesser Beckoning
  1269 | D:2      | Noticed Robin
  1371 | D:2      | Reached skill level 1 in Invocations
  1448 | D:2      | Reached skill level 1 in Short Blades
  1448 | D:2      | Reached skill level 1 in Long Blades
  1448 | D:2      | Reached skill level 1 in Maces & Flails
  1448 | D:2      | Reached skill level 1 in Polearms
  1448 | D:2      | Reached skill level 1 in Staves
  1448 | D:2      | Reached skill level 1 in Ranged Weapons
  1448 | D:2      | Reached skill level 1 in Stealth
  1448 | D:2      | Reached skill level 1 in Shields
  1448 | D:2      | Reached skill level 1 in Unarmed Combat
  1448 | D:2      | Reached skill level 1 in Evocations
  1723 | D:2      | Reached XP level 4. HP: 38/38 MP: 11/11
  1888 | D:1      | Reached skill level 1 in Conjurations
  1888 | D:1      | Reached skill level 1 in Hexes
  1888 | D:1      | Reached skill level 1 in Summonings
  1888 | D:1      | Reached skill level 1 in Necromancy
  1888 | D:1      | Reached skill level 1 in Transmutations
  1888 | D:1      | Reached skill level 1 in Fire Magic
  1888 | D:1      | Reached skill level 1 in Ice Magic
  1888 | D:1      | Reached skill level 1 in Air Magic
  1888 | D:1      | Reached skill level 1 in Earth Magic
  1888 | D:1      | Reached skill level 1 in Poison Magic
  2203 | D:2      | Slain by an orc

Illustrated notes

Levels and vault maps discovered:
D:1:      dpeg_arrival_simpleton_c, layout_basic,
          shapermc_ecumenical_altar_mp_vishouse
D:2:      wander_river, layout_rooms, minmay_misc_feat_alley, uniq_robin

Skill      XL: |  1  2  3  4 |
---------------+-------------+-----
Spellcasting   | 5 |  5.1
Invocations    | 1 |  1.4
Short Blades   | 1 |  1.2
Long Blades    | 1 |  1.2
Maces & Flails | 1 |  1.2
Polearms       | 1 |  1.2
Staves         | 1 |  1.2
Ranged Weapons | 1 |  1.2
Stealth        | 1 |  1.2
Shields        | 1 |  1.2
Unarmed Combat | 1 |  1.2
Evocations     | 1 |  1.2
Conjurations   | 1 |  1.0
Hexes          | 1 |  1.0
Summonings     | 1 |  1.0
Necromancy     | 1 |  1.0
Transmutations | 1 |  1.0
Fire Magic     | 1 |  1.0
Ice Magic      | 1 |  1.0
Air Magic      | 1 |  1.0
Earth Magic    | 1 |  1.0
Poison Magic   | 1 |  1.0
Fighting       | |  4.7
Axes           | |  4.7
Throwing       | |  2.8
Armour         | |  2.8
Dodging        | |  4.7
Translocations | |  5.5

Action                   |  1- 3 |  4- 6 || total
-------------------------+-------+-------++-------
Melee: Hand axe          |    43 |       ||    43
       Dagger            |    42 |    61 ||   103
       Bite              |     5 |     1 ||     6
 Fire: Sling             |    72 |    15 ||    87
  Use: Potion            |       |     2 ||     2
       Scroll            |       |     1 ||     1
Armor: Leather armour    |    24 |    22 ||    46
Dodge: Dodged            |    55 |    10 ||    65

Table legend: (Time is in decaauts)
 A = Elapsed time spent in this place.
 B = Non-inter-level travel time spent in this place.
 C = Inter-level travel time spent in this place.
 D = Time resting spent in this place.
 E = Time spent auto-exploring this place.
 F = Levels seen in this place.
 G = Mean time per level.
                   A        B        C        D        E       F      G
               +--------+--------+--------+--------+--------+-----+--------+
         Total |   2191 |   2139 |     52 |    389 |   1111 |   2 | 1095.5 |
       Dungeon |   2191 |   2139 |     52 |    389 |   1111 |   2 | 1095.5 |
               +--------+--------+--------+--------+--------+-----+--------+

Top non-repeatable levels by time:
     D:1: 1629 daAuts
     D:2: 561 daAuts
